 Dungeon Crawl Stone Soup version 0.29.1-15-g9cfb28693d (webtiles) character file.

Game seed: 1605022471615496524

3587 croobank the Covert (level 10, -2/71 HPs)
             Began as an Octopode Delver on Feb 23, 2023.
             Was an Initiate of Gozag.
             Slain by a hound (5 damage)
             ... on level 7 of the Dungeon.
             The game lasted 00:38:29 (11644 turns).

croobank the Covert (Octopode Delver)              Turns: 11644, Time: 00:38:29

Health: -2/71      AC:  1    Str: 12    XL:     10   Next: 10%
Magic:  14/14      EV: 17    Int: 16    God:    Gozag
Gold:   803        SH:  0    Dex: 17    Spells: 12/15 levels left

rFire   . . .      SeeInvis +   L - +5 quarterstaff of Sufficient Honour {vorpal, Dex+3 SInv}
rCold   + . .      Faith    .   (shield currently unavailable)
rNeg    . . .      Spirit   .   (helmet restricted)
rPois   .          Reflect  .   (no amulet)
rElec   .          Harm     .   m - ring of protection from cold
rCorr   .          Rampage  .   (no ring)
Will    .....                   (no ring)
Stlth   +++.......              (no ring)
HPRegen 0.21/turn               (no ring)
MPRegen 0.14/turn               (no ring)
                                (no ring)
                                (no ring)

@: confused, ambrosia-drunk, hasted, very quick
A: almost no armour, amphibious, 8 rings, camouflage 1, gelatinous body 1,
(nimble swimmer 1), tentacles
a: Renounce Religion, Potion Petition, Call Merchant, Bribe Branch


You were on level 7 of the Dungeon.
You worshipped Gozag.
Gozag was pleased with you.
You visited 2 branches of the dungeon, and saw 9 of its levels.

You collected 1049 gold pieces.
You spent 101 gold pieces at shops.
You paid 145 gold pieces to Gozag.

Inventory:

Hand Weapons
 a - a +1 war axe of protection
 e - a +2 flail of freezing
 k - a +2 dagger of draining
 B - the +5 rapier of Izxufeb {antimagic, *Slow rN+ Stlth+}
   (You found it on level 4 of the Dungeon)

   It reduces the magical energy of the wielder, and disrupts the spells and
   magical abilities of those it strikes.
   Natural abilities and divine invocations are not affected.
   rN:        It protects you from negative energy.
   *Slow:     It may slow you when you take damage.
   Stlth:     It makes you more stealthy.
 E - a +0 scimitar
 F - a +2 short sword of venom
 H - a +1 morningstar of freezing
 L - the +5 quarterstaff of Sufficient Honour (weapon) {vorpal, Dex+3 SInv}
   (You found it on level 7 of the Dungeon)

   It inflicts extra damage upon your enemies.
   Dex:       It affects your dexterity (+3).
   SInv:      It lets you see invisible.
 M - a +2 flail of venom
Missiles
 q - 26 poisoned darts (quivered)
 v - 2 boomerangs
Armour
 h - an orb of wrath
Magical Staves
 j - a staff of cold
Jewellery
 m - a ring of protection from cold (left tentacle)
Wands
 d - a wand of roots (3)
 f - a wand of digging (3)
 u - a wand of flame (15)
 A - a wand of charming (3)
Scrolls
 b - a scroll of fog
 c - 4 scrolls of magic mapping
 g - 5 scrolls of teleportation
 i - a scroll of enchant armour
 n - a scroll of identify
 w - 2 scrolls of poison {unknown}
 y - 2 scrolls of immolation
 D - a scroll of amnesia {unknown}
 G - a scroll of acquirement {unknown}
 J - a scroll of noise {unknown}
 K - a scroll of brand weapon
Potions
 l - 2 potions of cancellation
 p - 4 potions of attraction {unknown}
 r - a potion of degeneration {unknown}
 s - 2 potions of mutation {unknown}
 t - a potion of brilliance {unknown}
 C - a potion of flight {unknown}
 I - a potion of curing


   Skills:
 + Level 7.2 Fighting
 + Level 6.9 Axes
 + Level 6.9 Dodging
 + Level 11.4 Stealth
 + Level 3.0 Spellcasting
 + Level 3.2 Transmutations


You had 12 spell levels left.
You knew the following spells:

 Your Spells              Type           Power      Damage    Failure   Level
a - Beastly Appendage     Tmut           24%        N/A       4%          1
b - Wereblood             Tmut           12%        N/A       8%          2

Your spell library contained the following spells:

 Spells                   Type           Power      Damage    Failure   Level
 Spider Form              Tmut/Pois      7%         N/A       28%         3
 Call Canine Familiar     Summ           2%         N/A       50%         3
 Gell's Gravitas          Tloc           2%         N/A       50%         3
 Lesser Beckoning         Tloc           2%         N/A       50%         3
 Portal Projectile        Hex/Tloc       4%         N/A       50%         3
 Teleport Other           Tloc           2%         N/A       50%         3
 Blade Hands              Tmut           6%         N/A       80%         5
 Leda's Liquefaction      Hex/Erth       1%         N/A       88%         4
 Iron Shot                Conj/Erth      1%         9d1       100%        6
 Animate Armour           Summ/Erth      Unusable   N/A       N/A         4

Dungeon Overview and Level Annotations

Branches:
Dungeon (8/15)             Temple (1/1) D:4            Lair (0/5) D:8

Altars:
Ashenzari
Dithmenos
Elyvilon
Fedhas
Gozag
Hepliaklqana
Kikubaaqudgha
Okawaru
Qazlal
Ru
Sif Muna
Trog
Uskayaw
Vehumet
Wu Jian
Xom
Yredelemnul
Zin
The Shining One

Shops:
D:2 (   D:4 (   D:5 ?

Annotations:
D:4 1 runed translucent door, Crazy Yiuf


Innate Abilities, Weirdness & Mutations

You cannot wear most types of armour.
You are amphibious.
You can wear up to eight rings at the same time.
Your skin changes colour to match your surroundings (Stealth+).
Your rubbery body absorbs attacks. (AC +1, EV +1)
((You are camouflaged when in or above water. (Stealth+)))
You have tentacles for arms and can constrict up to eight enemies at once.


Message History

There is a stone staircase leading up, spattered with blood here.
The hound bites you but does no damage. The wolf bites you.
The troll closely misses you. The troll barely misses you.
The troll misses you.
You climb upwards.
There is a stone staircase leading down here.
The wolf attacks as you move away! The wolf closely misses you.
The wolf misses you. The wolf closely misses you. The hound misses you.
The troll attacks as you move away! The troll bites you!
The troll barely misses you. The troll claws you!
The hound attacks as you move away! The hound bites you.
* * * LOW HITPOINT WARNING * * *
The wolf is no longer distracted by gold.
The wolf bites you.
* * * LOW HITPOINT WARNING * * *
The wolf attacks as you move away! The wolf misses you. The wolf bites you!
* * * LOW HITPOINT WARNING * * *
Okay, then.
You feel yourself speed up. The wolf barely misses you. The wolf bites you.
* * * LOW HITPOINT WARNING * * *
The wolf attacks as you move away! The wolf closely misses you.
Okay, then.
Okay, then.
Okay, then.
You are confused.
You feel invigorated. The wolf bites you.
* * * LOW HITPOINT WARNING * * *
You are too confused!
You bump into the rock wall.
The wolf misses you. x2
You hit the wolf but do no damage. You squeeze the wolf.
The wolf is lightly wounded.
The wolf bites you!
* * * LOW HITPOINT WARNING * * *
You thump the wolf!
The wolf is severely wounded.
The wolf closely misses you. The hound misses you. The wolf bites you!
* * * LOW HITPOINT WARNING * * *
The wolf misses you. The hound bites you.
You die...
Your body crumbles into a pile of gold.

#.#........)...# #.#
#.#.##..#..<...# #<#
#.#.##..#......# #.#
#..............# #.#
###...###.###### #.# #.......#
#.# ##..##### #.# #..############
##.###### ### #..#......Th@h#
#.......# ..###.......###h#.#
#.......# .........>..#
#.#.###..####.#####
#.##........###........#.....)...
#.##.#..........#.###.##.##.#####
..##.###...#......# #.##.#.......
.....# #...#..[#### #.......####.
..#..# #####.<.# ####......##.
.....# #...# #####...##.##.


You could see a troll, 2 wolves and a hound.

Vanquished Creatures
  Prince Ribbit (D:5)
  A hornet (D:7)
  Edmund (D:5)
  A water moccasin (D:6)
  5 black bears
  2 sky beasts (D:6)
  2 wolves
  2 ogres
  A centaur (D:7)
  2 phantoms
  Blork the orc (D:6)
  A kobold brigand (D:6)
  2 bullfrogs (D:6)
  4 scorpions
  8 wights
  A howler monkey (D:7)
  An electric eel (D:8)
  3 jellies
  6 hounds
  2 orc priests
  5 iguanas
  Jessica (D:2)
  2 orc wizards (D:3)
  3 gnolls (D:2)
  5 adders
  2 white imps (D:7)
  2 worms
  2 dart slugs (D:3)
  17 orcs
  4 ball pythons
  7 endoplasms
  5 giant cockroaches
  8 hobgoblins
  11 jackals
  25 kobolds
  A quokka (D:4)
  4 bats
  2 frilled lizards (D:1)
  6 goblins
  4 rats
163 creatures vanquished.

Vanquished Creatures (collateral kills)
  A hound (D:7)
1 creature vanquished.

Vanquished Creatures (others)
  24 plants (D:6)
24 creatures vanquished.

Grand Total: 188 creatures vanquished

Notes
Turn   | Place    | Note
-------+----------+-------------------------------------------
     0 | D:5      | croobank the Octopode Delver began the quest for the Orb.
     0 | D:5      | Reached XP level 1. HP: 16/16 MP: 1/1
     3 | D:5      | Noticed an iguana
     4 | D:5      | Noticed a hound
     4 | D:5      | Noticed a black bear
    94 | D:5      | Noticed a jelly
   114 | D:5      | Noticed a scorpion
   222 | D:3      | Noticed an orc priest
   237 | D:3      | Reached XP level 2. HP: 19/21 MP: 2/2
   598 | D:2      | Reached XP level 3. HP: 19/26 MP: 3/3
   732 | D:2      | Found Nitoqid's Weapon Shop.
   784 | D:2      | Found a faded altar of an unknown god.
   811 | D:2      | Reached skill level 7 in Stealth
  1398 | D:1      | Reached XP level 4. HP: 31/31 MP: 4/4
  2247 | D:2      | Found a shimmering altar of Xom.
  2252 | D:2      | Noticed Jessica
  2261 | D:2      | Killed Jessica
  2262 | D:2      | Reached XP level 5. HP: 7/37 MP: 5/5
  3246 | D:3      | Found a radiant altar of Vehumet.
  3682 | D:3      | Reached XP level 6. HP: 26/43 MP: 6/6
  4652 | D:4      | Found Hata's Weapon Shoppe.
  4687 | D:4      | Bought a +0 war axe for 35 gold pieces
  4724 | D:4      | Reached skill level 8 in Stealth
  5095 | D:4      | Found a shadowy altar of Dithmenos.
  5106 | D:4      | Reached XP level 7. HP: 13/49 MP: 7/7
  5369 | D:4      | Found a staircase to the Ecumenical Temple.
  5378 | Temple   | Entered the Ecumenical Temple
  5388 | Temple   | Became a worshipper of Gozag Ym Sagoz the Greedy
  5538 | D:4      | Identified the +5 rapier of Izxufeb {antimagic, *Slow rN+
                  | Stlth+}
  5646 | D:4      | Found a runed translucent door.
  5652 | D:4      | Noticed Crazy Yiuf
  5895 | D:5      | Noticed Edmund
  5908 | D:5      | Killed Edmund
  6031 | D:5      | Reached skill level 5 in Fighting
  6166 | D:5      | Reached skill level 9 in Stealth
  6349 | D:5      | Noticed Prince Ribbit
  6360 | D:5      | Killed Prince Ribbit
  6361 | D:5      | Reached skill level 5 in Axes
  6361 | D:5      | Reached XP level 8. HP: 49/56 MP: 2/8
  6421 | D:4      | Reached skill level 5 in Dodging
  7102 | D:5      | Found Goavoher's Magic Scroll Shop.
  7277 | D:5      | Bought a scroll of identify for 22 gold pieces
  7277 | D:5      | Bought a scroll of fear for 44 gold pieces
  7393 | D:5      | Found a hazy altar of Hepliaklqana.
  7528 | D:6      | Reached skill level 10 in Stealth
  7553 | D:6      | Found an ornate altar of the Wu Jian Council.
  7601 | D:6      | Reached XP level 9. HP: 52/62 MP: 3/9
  7957 | D:6      | Found an iron altar of Okawaru.
  7969 | D:6      | Reached skill level 1 in Spellcasting
  7969 | D:6      | Reached skill level 1 in Transmutations
  8127 | D:6      | Found a glowing silver altar of Zin.
  8132 | D:6      | Found a basalt altar of Yredelemnul.
  8133 | D:6      | Found a shimmering blue altar of Sif Muna.
  8139 | D:6      | Found a shimmering altar of Xom.
  8328 | D:6      | Found a hide-covered altar of Uskayaw.
  8538 | D:6      | Found a bloodstained altar of Trog.
  8607 | D:6      | Noticed Blork the orc
  8610 | D:6      | Killed Blork the orc
  9770 | D:7      | Noticed a hornet
  9779 | D:7      | HP: 1/63 [poisoned by a hornet]
 10130 | D:7      | Learned a level 1 spell: Beastly Appendage
 10133 | D:7      | Learned a level 2 spell: Wereblood
 10151 | D:7      | Reached skill level 11 in Stealth
 10243 | D:7      | Killed a hornet
 10678 | D:7      | Reached XP level 10. HP: 69/71 MP: 1/14
 10693 | D:7      | Identified the +5 quarterstaff of Sufficient Honour
                  | {vorpal, Dex+3 SInv}
 11344 | D:8      | Found a staircase to the Lair.
 11644 | D:7      | HP: 3/71 [wolf (9)]
 11644 | D:7      | Slain by a hound

Illustrated notes

Levels and vault maps discovered:
D:1:      dpeg_arrival_round_b, layout_loops_ring, chequers_hall_statues_wall_a,
          kennysheep_flooded_box
D:2:      layout_loops_ring, chequers_ecumenical_altar_grove, serial_shops,
          shop, basic_altar, minivault_19, uniq_jessica
D:3:      layout_basic, vehumet_altar_wand_db, dk_noncrumbling_4,
          kennysheep_cross_bottleneck, chequers_jeans
D:4:      layout_cave_pools, grunt_dithmenos_smoke, lemuel_temple_firewalk_b,
          serial_shops, shop, uniq_crazy_yiuf_cottage
D:5:      layout_rooms, nzn_hepliaklqana_mist_gate, serial_shops,
          nicolae_lakefront_shop, uniq_edmund, uniq_prince_ribbit1
D:6:      kennysheep_kobold_camp, layout_basic, mainiacjoe_overflow_catwalk,
          mainiacjoe_overflow_alcove_3, mainiacjoe_overflow_surrounded_room,
          minitemple, uniq_blork_the_orc
D:7:      layout_loops_cross
D:8:      layout_cave_pods, erik_lair_island, hex_tiny,
          minmay_increasing_density
Temple:   hellmonk_temple_rainy

Skill      XL: |  1  2  3  4  5  6  7  8  9 10 |
---------------+-------------------------------+-----
Stealth        | 7 8 9 10 11 | 11.4
Axes           | 3 4 5 6 |  6.9
Dodging        | 3 4 5 6 |  6.9
Fighting       | 4 5 6 7 |  7.2
Spellcasting   | 2 3 |  3.0
Transmutations | 2 3 |  3.2

Action                   |  1- 3 |  4- 6 |  7- 9 | 10-12 || total
-------------------------+-------+-------+-------+-------++-------
Melee: Hand axe          |    60 |    95 |       |       ||   155
       Constrict         |    17 |    26 |    40 |     6 ||    89
       Tentacles         |    14 |    34 |    46 |    10 ||   104
       Punch             |     2 |     1 |     6 |     1 ||    10
       War axe           |       |    19 |     2 |       ||    21
       Rapier            |       |       |   203 |       ||   203
       Kick              |       |       |     6 |       ||     6
       Quarterstaff      |       |       |       |    23 ||    23
Throw: Dart              |       |     6 |     1 |       ||     7
 Cast: Beastly Appendage |       |       |     4 |       ||     4
       Wereblood         |       |       |     4 |       ||     4
Evoke: Wand              |       |     1 |     4 |     2 ||     7
  Use: Scroll            |     1 |       |    13 |     1 ||    15
       Potion            |     1 |       |     6 |     2 ||     9
 Stab: Sleeping          |    12 |    13 |    18 |       ||    43
       Distracted        |       |       |     1 |       ||     1
Armor: Skin              |     4 |     8 |    10 |     3 ||    25
Dodge: Dodged            |    29 |    53 |   160 |    60 ||   302
